 Dungeon Crawl Stone Soup version 0.19-b1-5-gdc9fa9d (webtiles) character file.

74 PhynixH2O the Skirmisher (level 4, -1/37 HPs)
             Began as a Demonspawn Abyssal Knight on Nov 1, 2016.
             Was a Follower of Lugonu.
             Slain by Natasha (5 damage)
             ... on level 1 of the Dungeon.
             The game lasted 00:05:37 (1448 turns).

PhynixH2O the Skirmisher (DsAK)                     Turns: 1448, Time: 00:05:37

Health: -1/37      AC:  9    Str: 12    XL:     4   Next: 10%
Magic:  5/5        EV:  5    Int: 13    God:    Lugonu [*.....]
Gold:   40         SH:  0    Dex: 14    Spells: 0 memorised, 3 levels left

rFire  . . .     SeeInvis .     a - +1 falchion
rCold  + . .     Gourm    .     g - +0 chain mail
rNeg   . . .     Faith    .     (no shield)
rPois  .         Spirit   .     (no helmet)
rElec  .         Reflect  .     k - +0 cloak
rCorr  .         Harm     .     (no gloves)
MR     .....                    (no boots)
Stlth  ..........               (no amulet)
                                (no ring)
                                (no ring)

@: slowed, very slow
A: talons 1, cold resistance 1, spiny 1
a: Depart the Abyss, Renounce Religion


You were on level 1 of the Dungeon.
You worshipped Lugonu.
Lugonu was aware of your devotion.
You were not hungry.

You visited 1 branch of the dungeon, and saw 2 of its levels.
You visited the Abyss 1 time.

You collected 40 gold pieces.

Inventory:

Hand Weapons
 a - a +1 falchion (weapon)
Armour
 g - a +0 chain mail (worn)
 k - a +0 cloak (worn)
Scrolls
 b - 3 scrolls of identify {unknown}
 d - a scroll of noise {unknown}
 f - a scroll of random uselessness {unknown}
 h - a scroll of remove curse {unknown}
 l - 2 scrolls of fear {unknown}
Potions
 e - 2 potions of curing {unknown}
Comestibles
 c - 2 bread rations
 i - 3 chunks of flesh
 j - a beef jerky


   Skills:
 - Level 4.1 Fighting
 + Level 3.1 Long Blades
 - Level 1.7 Armour
 - Level 0.8 Dodging
 - Level 2.4 Invocations


You had 3 spell levels left.
You didn't know any spells.

Dungeon Overview and Level Annotations

Branches:
Dungeon (2/15)

Altars:
The Shining One

Annotations:
D:1 Natasha


Innate Abilities, Weirdness & Mutations

You have sharp toenails.
Your flesh is cold resistant. (rC+)
You are partially covered in sharp spines.


Message History

You barely miss Natasha.
Natasha is severely wounded.
Natasha barely misses you.
Your chain mail prevents you from hitting Natasha.
Your kick misses Natasha.
Natasha is severely wounded.
Natasha closely misses you. Natasha is struck by your spines.
Natasha claws you.
* * * LOW HITPOINT WARNING * * *
Natasha casts a spell at you. You resist with some effort.
Natasha casts a spell at you.
You feel as though you will be slow longer.
Natasha casts a spell.
Natasha casts a spell.
The crimson imp picks up a beetle and eats it.
Some of the chunks of flesh in your inventory have rotted away.
Natasha is struck by your spines. Natasha claws you but does no damage.
Natasha claws you.
You die...

#################################
# ###################
#.................# #####
#.###############.# ....# #.# #.#
....# #(# #.#
....###########.###############.#
................@h55.........>#.#
..............#.#############.#.#
....###.......#.##### #.#.# ....#
#.......#.....# #.#..
....####............# #.###
##..................# #.#
#..................# #.###
#..................# #....
#####'##..##+###....# #####


You could see Natasha, a crimson imp and a white imp.

Vanquished Creatures
  Natasha (D:2)
  An adder (D:2)
  An ooze (D:2)
  2 dart slugs (D:1)
  2 ball pythons
  3 bats (D:1)
  2 giant cockroaches (D:1)
  5 hobgoblins (D:1)
  4 jackals (D:1)
  6 kobolds
  A frilled lizard (D:2)
  2 goblins (D:2)
  3 rats
33 creatures vanquished.

Notes
Turn   | Place    | Note
-------+----------+-------------------------------------------
     0 | Abyss:1  | PhynixH2O the Demonspawn Abyssal Knight began the quest for the Orb.
     0 | Abyss:1  | Reached XP level 1. HP: 18/18 MP: 2/2
    48 | Abyss:1  | Noticed a large abomination
    49 | D:1      | Escaped the Abyss
   190 | D:1      | Gained mutation: You are partially covered in sharp spines. [demonic ancestry]
   190 | D:1      | Reached XP level 2. HP: 20/24 MP: 3/3
   291 | D:1      | Reached * piety under Lugonu
   418 | D:1      | Gained mutation: You have sharp toenails. [demonic ancestry]
   418 | D:1      | Reached XP level 3. HP: 23/29 MP: 4/4
  1339 | D:2      | Found a glowing golden altar of the Shining One.
  1396 | D:2      | Noticed Natasha
  1410 | D:2      | Killed Natasha
  1410 | D:2      | Reached skill level 4 in Fighting
  1410 | D:2      | Gained mutation: Your flesh is cold resistant. (rC+) [demonic ancestry]
  1410 | D:2      | Reached XP level 4. HP: 4/37 MP: 5/5
  1428 | D:2      | Noticed Natasha
  1448 | D:1      | Slain by Natasha

Skill      XL: |  1  2  3 |
---------------+----------+-----
Long Blades    | 2 3 |  3.1
Fighting       | 4 |  4.1
Armour         | |  1.7
Dodging        | |  0.8
Invocations    | |  2.4

Action                   |  1- 3 |  4- 6 || total
-------------------------+-------+-------++-------
Melee: Falchion          |    86 |     2 ||    88
       Kick              |     2 |       ||     2
Invok: Depart the Abyss  |     1 |       ||     1
  Eat: Chunk             |     2 |       ||     2
Armor: Chain mail        |    57 |     5 ||    62
       Leather armour    |     9 |       ||     9
Dodge: Dodged            |    34 |     2 ||    36
       Rpst.: Falchion   |    11 |       ||    11
